details: 'ha. ha. L. O. L.'

« prev index next »

General information

Mini Map

Players

team 1
Humanpps.0 (pink | 63 APM | 1974 actions | 31:10)
Hero icon 5 Mountain King
Ability icon 3 Storm Bolt
Ability icon 2 Bash
Hero icon 2 Archmage
Ability icon 1 Summon Water Elemental
Ability icon 1 Brilliance Aura

» actions
Assign group hotkey56
Basic commands117
Build / train158
ESC pressed4
Enter build submenu77
Enter hero's abilities submenu7
Give item / drop item7
Remove unit from queue1
Right click616
Select / deselect486
Select group hotkey279
Use ability166
1974 total
» units
Peasant29
Footman10
Rifleman5
Forest Troll Shadow Priest1
Sorceress5
Dragonhawk Rider1
Knight3
Gryphon Rider2
Flying Machine1
57 total
» upgrades
Defend1
Masonry3
Swords3
Armor4
Plating3
Magic Sentry1
Sorceress Training2
Long Rifles1
Lumber Harvesting2
Animal War Training1
Gunpowder3
Cloud1
Storm Hammers1
Flak Cannons1
Flying Machine Bombs1
Barrage1
Fragmentation Shards1
Flare1
31 total
» buildings
Altar of Kings1
Barracks1
Farm20
Scout Tower35
Arcane Tower6
Town Hall2
Lumber Mill1
Blacksmith1
Arcane Vault4
Guard Tower26
Keep1
Arcane Sanctum1
Castle1
Gryphon Aviary4
Workshop3
107 total
» build order
00:05 Altar of Kings
00:10 Barracks
00:19 Farm
01:02 Farm
01:27 Farm
01:35 Scout Tower
02:13 Arcane Tower
03:51 Town Hall
03:54 Scout Tower
04:13 Arcane Tower
04:35 Farm
06:03 Lumber Mill
06:04 Farm
06:17 Scout Tower
06:18 Farm
06:26 Blacksmith
06:41 Arcane Vault
06:43 Arcane Vault
06:46 Scout Tower
06:47 Scout Tower
06:48 Scout Tower
06:49 Scout Tower
06:54 Scout Tower
06:55 Scout Tower
06:58 Scout Tower
06:59 Scout Tower
07:24 Guard Tower
07:26 Guard Tower
07:39 Scout Tower
07:51 Guard Tower
08:06 Guard Tower
08:14 Arcane Tower
08:14 Arcane Tower
08:15 Arcane Tower
08:26 Scout Tower
08:29 Guard Tower
08:33 Guard Tower
08:34 Scout Tower
08:43 Guard Tower
09:12 Scout Tower
09:12 Guard Tower
09:27 Scout Tower
09:28 Scout Tower
09:34 Guard Tower
09:40 Farm
09:41 Farm
09:41 Farm
09:47 Scout Tower
09:47 Guard Tower
09:58 Keep
10:00 Guard Tower
10:16 Scout Tower
10:21 Guard Tower
10:23 Scout Tower
11:05 Guard Tower
11:08 Town Hall
11:14 Guard Tower
11:17 Guard Tower
11:39 Farm
12:21 Arcane Sanctum
13:20 Castle
14:20 Scout Tower
14:20 Scout Tower
14:22 Scout Tower
14:23 Scout Tower
15:50 Guard Tower
15:59 Arcane Vault
16:04 Arcane Vault
16:09 Farm
16:11 Farm
16:41 Gryphon Aviary
16:42 Gryphon Aviary
18:09 Scout Tower
19:20 Scout Tower
19:21 Scout Tower
19:22 Scout Tower
19:25 Scout Tower
19:35 Guard Tower
19:49 Guard Tower
19:51 Guard Tower
20:07 Gryphon Aviary
20:09 Scout Tower
20:11 Scout Tower
20:12 Scout Tower
20:13 Scout Tower
20:15 Scout Tower
21:14 Guard Tower
21:16 Gryphon Aviary
21:32 Guard Tower
21:51 Guard Tower
21:51 Guard Tower
21:52 Guard Tower
22:01 Guard Tower
23:31 Scout Tower
24:09 Farm
24:10 Farm
24:12 Farm
24:24 Guard Tower
26:15 Workshop
26:20 Workshop
28:56 Workshop
29:05 Farm
29:08 Farm
29:11 Farm
29:17 Farm
29:27 Farm
» items
Boots of Speed2
Dust of Appearance2
Periapt of Vitality2
Potion of Healing4
Lesser Clarity Potion1
Potion of Mana2
Ivory Tower3
Scroll of Town Portal1
Scroll of Regeneration2
Orb of Fire1
Staff of Sanctuary1
Scroll of Healing1
Potion of Lesser Invulnerability1
Potion of Invisibility1
Pendant of Energy1
Potion of Invulnerability1
26 total
team 2
Orchahalol (green | 40 APM | 1260 actions | 31:08)
Hero icon 6 Blademaster
Ability icon 3 Wind Walk
Ability icon 2 Critical Strike
Ability icon 1 Bladestorm

» actions
Basic commands5
Build / train68
Enter build submenu19
Enter hero's abilities submenu6
Give item / drop item2
Remove unit from queue12
Right click723
Select / deselect339
Use ability86
1260 total
» units
Peon10
Wind Rider11
Raider4
25 total
» upgrades
Reinforced Defenses1
Ranged Weapons3
Envenomed Spears1
Armor2
Spiked Barricades2
Ensnare1
Pillage1
11 total
» buildings
Altar of Storms1
Orc Burrow11
Voodoo Lounge1
War Mill1
Stronghold1
Watch Tower17
Fortress1
Beastiary2
35 total
» build order
00:06 Altar of Storms
00:10 Orc Burrow
01:06 Voodoo Lounge
01:21 War Mill
03:28 Stronghold
04:13 Watch Tower
04:14 Watch Tower
04:15 Watch Tower
04:16 Watch Tower
04:18 Watch Tower
04:20 Watch Tower
04:23 Watch Tower
04:27 Orc Burrow
04:30 Orc Burrow
04:31 Orc Burrow
05:54 Orc Burrow
05:56 Orc Burrow
05:57 Orc Burrow
05:59 Orc Burrow
06:05 Watch Tower
06:07 Watch Tower
06:36 Fortress
07:49 Beastiary
07:55 Beastiary
08:49 Orc Burrow
11:27 Orc Burrow
16:21 Watch Tower
16:26 Watch Tower
16:28 Watch Tower
16:32 Watch Tower
17:41 Watch Tower
17:42 Watch Tower
17:44 Watch Tower
17:45 Watch Tower
20:30 Orc Burrow
» items
Healing Salve5
Lesser Clarity Potion3
Potion of Healing1
Orb of Lightning1
Scroll of Town Portal1
11 total